AoeStats
← Iguano Pop

Arena

510054119Analyzed
2v2 RM · 3d ago on Sep 29, 2026· 51m 21s· 4 players
Game mode
Random Map
Map size
Medium (4 player)
Population
200
Speed
Normal
Resources
Standard
Victory
Conquest
Starting age
Dark Age
Ending age
Imperial Age
RankedLock teamsTeams togetherTeam positionsShared explorationLock speedFull tech treeHidden civsTurbo modeCheats
Victory
Defeat
🇩🇪 Persians · Germany
1272
+19
🇩🇪 Maya · Germany
1263
+19
🇩🇪 Malians · Germany
1347
-20
🇲🇽 Britons · Mexico
1314
-18
Wanda Lismus
9:02 Feudal Age
9:22 Loom
9:41 Double-Bit Axe
11:28 Man-at-Arms
12:29 Arson
16:56 Fletching
18:45 Wheelbarrow
24:46 Castle Age
22:58 Horse Collar
24:48 Forging
29:01 Hand Cart
29:37 Gold Mining
30:01 Bow Saw
30:55 Gold Shaft Mining
32:27 Long Swordsman
35:01 Iron Casting
34:26 Scale Mail Armor
37:23 Imperial Age
35:30 Scale Barding Armor
35:12 Pikeman
35:56 Squires
37:01 Chain Barding Armor
36:57 Bloodlines
36:48 Husbandry
38:51 Plate Barding Armor
38:18 Farimba
38:39 Conscription
37:43 Heavy Camel Rider
37:47 Light Cavalry
39:29 Chemistry
38:50 Ballistics
39:21 Two-Handed Swordsman
40:33 Champion
45:45 Scale Mail Armor
Iguano Pop
10:27 Feudal Age
11:45 Town Watch
14:46 Castle Age
20:09 Loom
22:07 Double-Bit Axe
22:55 Horse Collar
24:37 Wheelbarrow
25:05 Bow Saw
24:57 Heavy Plow
26:10 Hand Cart
27:10 Gold Mining
27:10 Stone Mining
32:07 Imperial Age
30:40 Pikeman
31:12 Fletching
31:25 Squires
32:21 Ballistics
32:24 Sanctity
32:02 Bodkin Arrow
31:41 Man-at-Arms
32:09 Gambesons
32:11 Arson
32:01 Crossbowman
32:39 Halberdier
32:41 Long Swordsman
33:36 Bracer
35:12 Padded Archer Armor
35:15 Scale Mail Armor
34:56 Arbalester
35:05 Two-Handed Swordsman
37:16 Gold Shaft Mining
37:00 Leather Archer Armor
37:01 Chain Mail Armor
37:54 Chemistry
38:01 Conscription
38:05 Yeomen
39:33 Ring Archer Armor
39:34 Plate Mail Armor
41:49 Champion
43:20 Warwolf
43:58 Forging
43:57 Siege Engineers
48:45 Elite Skirmisher
Daggi der Eroberer
0:31 Loom
11:16 Feudal Age
16:00 Castle Age
15:34 Double-Bit Axe
16:00 Fletching
21:31 Horse Collar
26:22 Wheelbarrow
25:35 Town Watch
27:39 Bow Saw
28:19 Gold Mining
29:24 Crossbowman
35:14 Imperial Age
33:01 Hand Cart
33:10 Bodkin Arrow
33:38 Ballistics
34:44 Padded Archer Armor
34:52 Thumb Ring
35:17 Masonry
36:15 Leather Archer Armor
35:32 Elite Skirmisher
36:39 Bracer
36:49 Hul'che Javelineers
38:42 Chemistry
39:56 Ring Archer Armor
40:31 Elite Plumed Archer
43:14 Conscription
46:25 Arbalester
51:58 Caravan
piti
10:48 Feudal Age
12:13 Loom
15:05 Castle Age
13:57 Horse Collar
14:21 Double-Bit Axe
18:58 Heavy Plow
20:48 Bow Saw
22:40 Wheelbarrow
23:01 Gold Mining
23:57 Hand Cart
24:44 Stone Mining
25:33 Gold Shaft Mining
26:00 Town Watch
29:48 Imperial Age
27:49 Scale Barding Armor
27:54 Forging
28:24 Stone Shaft Mining
28:26 Bloodlines
28:16 Husbandry
29:37 Chain Barding Armor
31:08 Two-Man Saw
30:41 Crop Rotation
29:36 Cavalier
30:54 Iron Casting
30:56 Plate Barding Armor
32:57 Blast Furnace
33:03 Masonry
33:58 Chemistry
32:51 Fletching
32:28 Light Cavalry
32:57 Savar
34:29 Conscription
34:48 Hoardings
34:59 Architecture
34:51 Ballistics
36:11 Kamandaran
36:31 Bodkin Arrow
36:36 Padded Archer Armor
37:25 Citadels
45:19 Leather Archer Armor
46:42 Ring Archer Armor
46:10 Murder Holes
47:42 Thumb Ring
47:15 Crossbowman
49:50 Caravan
Connection lost

Rejoining the realm…

Still unreachable

The connection could not be restored.

Session expired

The server has moved on; the page needs a fresh start.